 Dungeon Crawl Stone Soup version 0.28-a0-1080-g05a166d0ed (webtiles) character file.

Game seed: 14098134214802473775

34 Redcow54321 the Firebug (level 3, -3/19 HPs)
             Began as a Deep Elf Fire Elementalist on Dec 9, 2021.
             Slain by Terence (4 damage)
             ... on level 2 of the Dungeon.
             The game lasted 00:05:11 (1361 turns).

Redcow54321 the Firebug (DEFE)                      Turns: 1361, Time: 00:05:11

Health: -3/19      AC:  2    Str:  5    XL:     3   Next: 14%
Magic:  2/9        EV: 12    Int: 21    God:
Gold:   24         SH:  0    Dex: 15    Spells: 7/8 levels left

rFire   . . .      SeeInvis .   (no weapon)
rCold   . . .      Faith    .   (no shield)
rNeg    . . .      Spirit   .   a - +0 robe
rPois   .          Reflect  .   (no helmet)
rElec   .          Harm     .   (no cloak)
rCorr   .          Rampage  .   (no gloves)
Will    .....                   (no boots)
Stlth   ++........              (no amulet)
HPRegen 0.06/turn               (no ring)
MPRegen 0.11/turn               (no ring)

@: no status effects
A: no striking features
a: no special abilities


You were on level 2 of the Dungeon.
You visited 1 branch of the dungeon, and saw 2 of its levels.

You collected 24 gold pieces.

Inventory:

Armour
 a - a +0 robe (worn)
Scrolls
 b - 2 scrolls of teleportation {unknown}
 c - 2 scrolls of fog {unknown}
 e - a scroll of immolation {unknown}
 g - 2 scrolls of silence {unknown}
 h - a scroll of identify {unknown}
 i - a scroll of blinking {unknown}
Potions
 d - a potion of attraction {unknown}
 f - a potion of resistance {unknown}


   Skills:
 - Level 2.4 Dodging
 - Level 2.4 Stealth
 + Level 3.0 Spellcasting
 + Level 1.7 Conjurations
 * Level 4.5 Fire Magic


You had 7 spell levels left.
You knew the following spells:

 Your Spells              Type           Power      Damage    Failure   Level
a - Foxfire               Conj/Fire      64%        2x1d7     3%          1

Your spell library contained the following spells:

 Spells                   Type           Power      Damage    Failure   Level
 Scorch                   Fire           44%        2d7       3%          2
 Conjure Flame            Conj/Fire      16%        6-21      11%         3
 Inner Flame              Hex/Fire       12%        N/A       16%         3
 Flame Wave               Conj/Fire      16%        2d5       36%         4


Dungeon Overview and Level Annotations

Branches:
Dungeon (2/15)

Altars:

Shops:
D:1 ?

Annotations:
D:2 Terence


Message History

Casting: Foxfire (safe; 3% risk of failure)
Confirm with . or Enter, or press ? or * to list all spells.
You conjure some foxfire!
Your foxfire dissipates!
The foxfire hits Terence.
Terence is heavily wounded.
Casting: Foxfire (safe; 3% risk of failure)
Confirm with . or Enter, or press ? or * to list all spells.
You conjure some foxfire!
The foxfire hits Terence but does no damage.
Terence is heavily wounded.
Your foxfire dissipates!
Terence hits you with a +0 short sword.
Casting: Foxfire (safe; 3% risk of failure)
Confirm with . or Enter, or press ? or * to list all spells.
You don't know that spell.
Casting: Foxfire (safe; 3% risk of failure)
Confirm with . or Enter, or press ? or * to list all spells.
You conjure some foxfire!
Terence misses you.
Your foxfire dissipates!
Found a short sword.
You see here a +0 short sword.
Casting: Foxfire (safe; 3% risk of failure)
Confirm with . or Enter, or press ? or * to list all spells.
You miscast Foxfire.
You are very lightly contaminated with residual magic.
Nothing appears to happen.
Terence hits you with a +0 short sword.
Casting: Foxfire (safe; 3% risk of failure)
Confirm with . or Enter, or press ? or * to list all spells.
You conjure some foxfire!
The foxfire hits the kobold.
You kill the kobold!
Terence hits you with a +0 short sword!
* * * LOW HITPOINT WARNING * * *
The foxfire hits Terence but does no damage.
Terence is heavily wounded.
Your magical contamination has completely faded away.
Terence says, "Don't bother to defend, it's pointless."
Memorise Scorch, consuming 2 spell levels and leaving 5?
Terence hits you with a +0 short sword.
Your memorisation is interrupted.
You die...

#....... ###(..##
###################
#............K@.K.)
#.#################
.K...K..###########.....#
..................).### #
###############.....).#.#
#....@@......#####.#.#
############.# #.#.. #.#
#K### ### #.# # #.# # #.#
# #.# # #.# # #.#


You could see Terence.

Vanquished Creatures
  3 dart slugs (D:1)
  5 bats
  An endoplasm (D:1)
  3 goblins (D:1)
  3 hobgoblins
  8 kobolds
  2 quokkas (D:1)
  A ball python (D:1)
  2 rats (D:1)
28 creatures vanquished.

Vanquished Creatures (others)
  118 foxfires
118 creatures vanquished.

Grand Total: 146 creatures vanquished

Notes
Turn   | Place    | Note
-------+----------+-------------------------------------------
     0 | D:1      | Redcow54321 the Deep Elf Fire Elementalist began the quest
                  | for the Orb.
     0 | D:1      | Reached XP level 1. HP: 10/10 MP: 6/6
   170 | D:1      | Found Utruteh's Magic Scroll Shop.
   212 | D:1      | Reached XP level 2. HP: 15/15 MP: 2/8
   297 | D:1      | Reached skill level 4 in Fire Magic
   566 | D:1      | Found a faded altar of an unknown god.
   984 | D:1      | Reached XP level 3. HP: 19/19 MP: 7/9
  1272 | D:2      | Noticed Terence
  1361 | D:2      | Slain by Terence

Illustrated notes

Levels and vault maps discovered:
D:1:      dpeg_arrival_tiny_b, layout_rooms, serial_shops,
          nicolae_shop_hallway_plus, basic_ecumenical_altar, dk_noncrumbling_2,
          minmay_tripent
D:2:      cheibrodos_greedy_goblins, layout_basic, basic_altar, uniq_terence,
          uniq_jessica, uniq_crazy_yiuf_cottage, uniq_sigmund

Skill      XL: |  1  2 |
---------------+-------+-----
Fire Magic     | 4 |  4.5
Dodging        | |  2.4
Stealth        | |  2.4
Spellcasting   | |  3.0
Conjurations   | |  1.7

Action                   || total
-------------------------++-------
 Cast: Foxfire           ||    81
Dodge: Dodged            ||     3

Table legend: (Time is in decaauts)
 A = Elapsed time spent in this place.
 B = Non-inter-level travel time spent in this place.
 C = Inter-level travel time spent in this place.
 D = Time resting spent in this place.
 E = Time spent auto-exploring this place.
 F = Levels seen in this place.
 G = Mean time per level.
                   A        B        C        D        E       F      G
               +--------+--------+--------+--------+--------+-----+--------+
         Total |   1360 |   1353 |      7 |     12 |   1085 |   2 |  680.0 |
       Dungeon |   1360 |   1353 |      7 |     12 |   1085 |   2 |  680.0 |
               +--------+--------+--------+--------+--------+-----+--------+

Top non-repeatable levels by time:
     D:1: 1084 daAuts
     D:2: 276 daAuts
